% Time on Ice - LOS ANGELES SEALS
Lines # - Real PCT - Wanted PCT - Time Play
Normal Forward
1 - 36% - 36% - 16:29
2 - 33% - 34% - 15:05
3 - 25% - 23% - 11:32
4 - 6% - 7% - 2:36
Normal Defense
1 - 38% - 36% - 17:19
2 - 32% - 31% - 14:41
3 - 22% - 23% - 10:10
4 - 8% - 10% - 3:32
PP Forward
1 - 50% - 55% - 2:44
2 - 50% - 45% - 2:42
PP Defense
1 - 58% - 55% - 3:10
2 - 42% - 45% - 2:16
PK Forward
1 - 57% - 55% - 4:32
2 - 43% - 45% - 3:24
PK Defense
1 - 54% - 55% - 4:17
2 - 46% - 45% - 3:39
PK3 Forward
1 - 0% - 55%
2 - 0% - 45%
PK3 Defense
1 - 0% - 55%
2 - 0% - 45%
44 Forward
1 - 0% - 55%
2 - 0% - 45%
44 Defense
1 - 0% - 55%
2 - 0% - 45%
Last Minute Offensive  - 0:56
Last Minute Defensive  - 0:00
Total
Forward - 60:00
Defense - 60:00
% Time on Ice - KANSAS CITY KILLERBEES
Lines # - Real PCT - Wanted PCT - Time Play
Normal Forward
1 - 35% - 33% - 16:08
2 - 31% - 32% - 14:07
3 - 26% - 27% - 11:41
4 - 8% - 8% - 3:46
Normal Defense
1 - 33% - 33% - 15:18
2 - 34% - 33% - 15:23
3 - 30% - 33% - 13:56
4 - 2% - 1% - 1:05
PP Forward
1 - 54% - 55% - 4:17
2 - 46% - 45% - 3:39
PP Defense
1 - 49% - 50% - 3:52
2 - 51% - 50% - 4:04
PK Forward
1 - 66% - 55% - 3:34
2 - 34% - 45% - 1:52
PK Defense
1 - 72% - 50% - 3:55
2 - 28% - 50% - 1:31
PK3 Forward
1 - 0% - 55%
2 - 0% - 45%
PK3 Defense
1 - 0% - 50%
2 - 0% - 50%
44 Forward
1 - 0% - 55%
2 - 0% - 45%
44 Defense
1 - 0% - 50%
2 - 0% - 50%
Last Minute Offensive  - 0:00
Last Minute Defensive  - 0:56
Total
Forward - 60:00
Defense - 60:00
Play-by-Play 1st period 0:01 of 1st period - Logan Couture wins face-off versus Mark Stone in neutral zone. 0:34 of 1st period - Shot by Patrick Marleau. 0:34 of 1st period - Deflect By Logan Couture. 0:34 of 1st period - Shot Blocked by Cam Fowler. 0:36 of 1st period - Shot by Justin Williams. 0:36 of 1st period - Shot Misses the Net. 0:38 of 1st period - Shot by Justin Williams. 0:38 of 1st period - Shot Misses the Net. 0:40 of 1st period - Shot by Logan Couture. 0:40 of 1st period - Shot Misses the Net. 1:00 of 1st period - Shot by Brock Boeser. 1:00 of 1st period - Stopped by John Gibson without a rebound. 1:01 of 1st period - Adam Lowry wins face-off versus Denis Malgin in KANSAS CITY KILLERBEES zone. 1:36 of 1st period - Nick Holden is hit by Artturi Lehkonen and loses puck. 2:18 of 1st period - Shot by Mark Scheifele. 2:18 of 1st period - Shot Misses the Net. 2:24 of 1st period - Shot by Mark Scheifele. 2:24 of 1st period - Shot Misses the Net. 2:26 of 1st period - Shot by Mark Scheifele. 2:26 of 1st period - Deflect By Brock Boeser. 2:26 of 1st period - Shot Misses the Net. 2:30 of 1st period - Shot by Brock Boeser. 2:30 of 1st period - Shot Blocked by Colin Miller. 2:36 of 1st period - Shot by Mark Scheifele. 2:36 of 1st period - Shot Blocked by Colin Miller. 2:38 of 1st period - Shot by Mark Scheifele. 2:38 of 1st period - Shot Misses the Net. 2:40 of 1st period - Shot by Brandon Carlo. 2:40 of 1st period - Stopped by John Gibson without a rebound. 2:41 of 1st period - Kyle Brodziak wins face-off versus Kevin Rooney in KANSAS CITY KILLERBEES zone. 2:41 of 1st period - Kyle Brodziak is hit by Erik Haula. 3:13 of 1st period - Shot by Logan Couture. 3:13 of 1st period - Shot Misses the Net. 3:15 of 1st period - Shot by Logan Couture. 3:15 of 1st period - Deflect By Kevin Rooney. 3:15 of 1st period - Shot Blocked by Cam Fowler. 3:23 of 1st period - Shot by Logan Couture. 3:23 of 1st period - Shot Blocked by Cam Fowler. 3:36 of 1st period - Shot by Colin White. 3:36 of 1st period - Stopped by John Gibson without a rebound. 3:37 of 1st period - Mark Scheifele wins face-off versus Denis Malgin in KANSAS CITY KILLERBEES zone. 4:13 of 1st period - Icing by Denis Malgin. 4:14 of 1st period - Adam Lowry wins face-off versus Denis Malgin in KANSAS CITY KILLERBEES zone. 4:31 of 1st period - Shot by Colin White. 4:31 of 1st period - Stopped by John Gibson with a rebound. 4:41 of 1st period - Shot by Adam Lowry. 4:41 of 1st period - Deflect By Colin White. 4:41 of 1st period - Stopped by John Gibson without a rebound. 4:42 of 1st period - Paul Stastny wins face-off versus Logan Couture in KANSAS CITY KILLERBEES zone. 4:42 of 1st period - Paul Stastny is hit by Justin Williams. 5:04 of 1st period - Shot by Mark Stone. 5:04 of 1st period - Shot Misses the Net. 5:16 of 1st period - Shot by Paul Stastny. 5:16 of 1st period - Stopped by Roberto Luongo without a rebound. 5:17 of 1st period - Mark Scheifele wins face-off versus Ryan Kesler in LOS ANGELES SEALS zone. 5:22 of 1st period - Mattias Janmark is hit by Andreas Johnsson. 5:46 of 1st period - Icing by Jacob Muzzin. 5:47 of 1st period - Logan Couture wins face-off versus Ryan Kesler in KANSAS CITY KILLERBEES zone. 6:00 of 1st period - Shot by Justin Williams. 6:00 of 1st period - Stopped by John Gibson without a rebound. 6:01 of 1st period - Adam Lowry wins face-off versus Mark Stone in KANSAS CITY KILLERBEES zone. 6:14 of 1st period - Shot by Paul Stastny. 6:14 of 1st period - Stopped by Roberto Luongo with a rebound. 8:20 of 1st period - Shot by Andreas Johnsson. 8:20 of 1st period - Shot Blocked by Ryan Kesler. 8:36 of 1st period - Shot by Colin White. 8:36 of 1st period - Stopped by John Gibson with a rebound. 8:58 of 1st period - Shot by Mathieu Perreault. 8:58 of 1st period - Stopped by John Gibson with a rebound. 9:40 of 1st period - Shot by Logan Couture. 9:40 of 1st period - Shot Blocked by Paul Stastny. 9:48 of 1st period - Logan Couture is hit by Alexander DeBrincat and loses puck. 9:54 of 1st period - Mark Stone is hit by Roman Polak and loses puck. 10:36 of 1st period - Shot by Artturi Lehkonen. 10:36 of 1st period - Stopped by Roberto Luongo without a rebound. 10:37 of 1st period - Kyle Brodziak wins face-off versus Brock Boeser in LOS ANGELES SEALS zone. 10:45 of 1st period - Jacob de la Rose is hit by Dan Hamhuis and loses puck. 11:03 of 1st period - Shot by Mark Scheifele. 11:03 of 1st period - Shot Blocked by Calvin De Haan. 11:05 of 1st period - Shot by Mark Scheifele. 11:05 of 1st period - Stopped by John Gibson without a rebound. 11:06 of 1st period - Paul Stastny wins face-off versus Adam Lowry in KANSAS CITY KILLERBEES zone. 11:37 of 1st period - Shot by Mathieu Perreault. 11:37 of 1st period - Shot Blocked by Colin Miller. 11:39 of 1st period - Shot by Alex Goligoski. 11:39 of 1st period - Shot Blocked by Cam Fowler. 12:13 of 1st period - Icing by Shayne Gostisbehere. 12:14 of 1st period - Mark Scheifele wins face-off versus Denis Malgin in LOS ANGELES SEALS zone. 12:28 of 1st period - Nick Holden is hit by Charlie Coyle and loses puck. 12:43 of 1st period - Shot by Mark Scheifele. 12:43 of 1st period - Stopped by John Gibson with a rebound. 12:47 of 1st period - Shot by Andreas Johnsson. 12:47 of 1st period - Shot Blocked by Calvin De Haan. 12:49 of 1st period - Shot by Andreas Johnsson. 12:49 of 1st period - Stopped by John Gibson without a rebound. 12:50 of 1st period - Logan Couture wins face-off versus Ryan Kesler in KANSAS CITY KILLERBEES zone. 13:37 of 1st period - Icing by Justin Williams. 13:38 of 1st period - Logan Couture wins face-off versus Denis Malgin in LOS ANGELES SEALS zone. 14:14 of 1st period - Justin Williams is hit by Artturi Lehkonen and loses puck. 14:35 of 1st period - Shot by Paul Stastny. 14:35 of 1st period - Stopped by Roberto Luongo without a rebound. 14:36 of 1st period - Ryan Kesler wins face-off versus Mark Scheifele in LOS ANGELES SEALS zone. 14:55 of 1st period - Shot by Mark Scheifele. 14:55 of 1st period - Stopped by John Gibson without a rebound. 14:56 of 1st period - Paul Stastny wins face-off versus Adam Lowry in KANSAS CITY KILLERBEES zone. 15:04 of 1st period - Minor Penalty to Colin Miller for Diving. 15:05 of 1st period - Artturi Lehkonen wins face-off versus Mark Scheifele in KANSAS CITY KILLERBEES zone. 15:43 of 1st period - Shot by Mark Scheifele. 15:43 of 1st period - Stopped by John Gibson without a rebound. 15:44 of 1st period - Ryan Kesler wins face-off versus Logan Couture in KANSAS CITY KILLERBEES zone. 16:10 of 1st period - Shot by Patrick Marleau. 16:10 of 1st period - Deflect By Logan Couture. 16:10 of 1st period - Shot Misses the Net. 16:30 of 1st period - Shot by Mark Scheifele. 16:30 of 1st period - Shot Misses the Net. 16:32 of 1st period - Shot by Mark Scheifele. 16:32 of 1st period - Goal by Mark Scheifele - LOS ANGELES SEALS : 1 - KANSAS CITY KILLERBEES : 0. 16:33 of 1st period - Adam Lowry wins face-off versus Mark Stone in neutral zone. 16:50 of 1st period - Minor Penalty to Nick Holden for High sticking. 16:51 of 1st period - Adam Lowry wins face-off versus Mattias Janmark in LOS ANGELES SEALS zone. 17:02 of 1st period - Shot by Peter Cehlarik. 17:02 of 1st period - Shot Misses the Net. 17:13 of 1st period - Icing by Mattias Janmark. 17:14 of 1st period - Peter Cehlarik wins face-off versus Erik Haula in KANSAS CITY KILLERBEES zone. 17:18 of 1st period - Off-side. 17:19 of 1st period - Adam Lowry wins face-off versus Paul Stastny in neutral zone. 17:19 of 1st period - Adam Lowry is hit by Mark Stone. 18:23 of 1st period - Icing by Cam Fowler. 18:24 of 1st period - Mathieu Perreault wins face-off versus Mattias Janmark in KANSAS CITY KILLERBEES zone. 18:33 of 1st period - Off-side. 18:34 of 1st period - Erik Haula wins face-off versus Mattias Janmark in neutral zone. 19:01 of 1st period - Shot by Logan Couture. 19:01 of 1st period - Stopped by John Gibson with a rebound. 19:03 of 1st period - Shot by Nick Holden. 19:03 of 1st period - Stopped by John Gibson without a rebound. 19:04 of 1st period - Mark Scheifele wins face-off versus Denis Malgin in KANSAS CITY KILLERBEES zone. 19:12 of 1st period - Minor Penalty to Jacob Muzzin for Diving. 19:13 of 1st period - Logan Couture wins face-off versus Ryan Kesler in KANSAS CITY KILLERBEES zone. Goals for this period are 1 for LOS ANGELES SEALS vs 0 for KANSAS CITY KILLERBEES. Shots for this period are 16 for LOS ANGELES SEALS vs 4 for KANSAS CITY KILLERBEES. 2nd period 0:01 of 2nd period - Ryan Kesler wins face-off versus Logan Couture in neutral zone. 0:18 of 2nd period - Logan Couture is hit by Dylan DeMelo and loses puck. 1:01 of 2nd period - Shot by Mark Scheifele. 1:01 of 2nd period - Stopped by John Gibson without a rebound. 1:02 of 2nd period - Ryan Kesler wins face-off versus Mark Scheifele in KANSAS CITY KILLERBEES zone. 1:40 of 2nd period - Shot by Alexander DeBrincat. 1:40 of 2nd period - Stopped by Roberto Luongo with a rebound. 1:42 of 2nd period - Shot by Mark Stone. 1:42 of 2nd period - Goal by Mark Stone - LOS ANGELES SEALS : 1 - KANSAS CITY KILLERBEES : 1. 1:43 of 2nd period - Mark Scheifele wins face-off versus Denis Malgin in neutral zone. 1:46 of 2nd period - Cam Fowler is hit by Mark Scheifele and loses puck. 2:03 of 2nd period - Cam Fowler is hit by Andreas Johnsson and loses puck. 2:10 of 2nd period - Shot by Mark Scheifele. 2:10 of 2nd period - Shot Misses the Net. 2:12 of 2nd period - Shot by Roman Polak. 2:12 of 2nd period - Shot Blocked by Jacob Muzzin. 2:14 of 2nd period - Shot by Brandon Carlo. 2:14 of 2nd period - Shot Misses the Net. 2:16 of 2nd period - Shot by Andreas Johnsson. 2:16 of 2nd period - Stopped by John Gibson without a rebound. 2:17 of 2nd period - Ryan Kesler wins face-off versus Logan Couture in KANSAS CITY KILLERBEES zone. 2:30 of 2nd period - Shot by Peter Cehlarik. 2:30 of 2nd period - Stopped by Roberto Luongo with a rebound. 2:38 of 2nd period - Shot by Ryan Kesler. 2:38 of 2nd period - Stopped by Roberto Luongo without a rebound. 2:39 of 2nd period - Paul Stastny wins face-off versus Adam Lowry in LOS ANGELES SEALS zone. 2:53 of 2nd period - Icing by Nick Holden. 2:54 of 2nd period - Denis Malgin wins face-off versus Adam Lowry in LOS ANGELES SEALS zone. 2:55 of 2nd period - Shot by Charlie Coyle. 2:55 of 2nd period - Stopped by Roberto Luongo without a rebound. 2:56 of 2nd period - Logan Couture wins face-off versus Denis Malgin in LOS ANGELES SEALS zone. 3:20 of 2nd period - Logan Couture is hit by Artturi Lehkonen and loses puck. 3:32 of 2nd period - Shot by Artturi Lehkonen. 3:32 of 2nd period - Shot Misses the Net. 3:34 of 2nd period - Shot by Jan Rutta. 3:34 of 2nd period - Stopped by Roberto Luongo without a rebound. 3:35 of 2nd period - Paul Stastny wins face-off versus Mark Scheifele in LOS ANGELES SEALS zone. 3:46 of 2nd period - Shot by Paul Stastny. 3:46 of 2nd period - Deflect By Alexander DeBrincat. 3:46 of 2nd period - Stopped by Roberto Luongo with a rebound. 3:51 of 2nd period - Icing by Mark Scheifele. 3:52 of 2nd period - Ryan Kesler wins face-off versus Brock Boeser in LOS ANGELES SEALS zone. 4:11 of 2nd period - Shot by Brock Boeser. 4:11 of 2nd period - Shot Misses the Net. 4:14 of 2nd period - Icing by Jacob Muzzin. 4:15 of 2nd period - Ryan Kesler wins face-off versus Logan Couture in